 Dungeon Crawl Stone Soup version 0.28-a0-401-ge240ad9e29 (webtiles) character file.

Game seed: 10823361271888695485

48 pmoppi the Digger (level 3, 0/33 HPs)
             Began as an Ogre Earth Elementalist on Sept 4, 2021.
             Slain by an orc (4 damage)
             ... on level 3 of the Dungeon.
             The game lasted 00:02:26 (2373 turns).

pmoppi the Digger (Ogre Earth Elementalist)         Turns: 2373, Time: 00:02:26

Health: 0/33       AC:  3    Str: 12    XL:     3   Next: 72%
Magic:  7/7        EV: 10    Int: 17    God:
Gold:   85         SH:  0    Dex:  9    Spells: 6/7 levels left

rFire   . . .      SeeInvis .   h - +0 eveningstar
rCold   . . .      Faith    .   (no shield)
rNeg    . . .      Spirit   .   b - +0 robe
rPois   .          Reflect  .   (helmet restricted)
rElec   .          Harm     .   (no cloak)
rCorr   .          Rampage  .   (gloves unavailable)
Will    .....                   (boots unavailable)
Stlth   +.........              (no amulet)
HPRegen 0.11/turn               (no ring)
MPRegen 0.10/turn               (no ring)

@: no status effects
A: large, unfitting armour, tough skin 1
a: no special abilities


You were on level 3 of the Dungeon.
You visited 1 branch of the dungeon, and saw 3 of its levels.

You collected 85 gold pieces.

Inventory:

Hand Weapons
 a - a +0 spear
 h - a +0 eveningstar (weapon)
Missiles
 c - 85 stones
Armour
 b - a +0 robe (worn)
Scrolls
 f - a scroll of amnesia {unknown}
 g - a scroll of immolation {unknown}
 j - a scroll of summoning {unknown}
Potions
 d - a potion of might {unknown}
 e - 3 potions of heal wounds {unknown}
 i - a potion of mutation {unknown}
 k - a potion of attraction {unknown}
 l - a potion of resistance {unknown}
 m - a potion of lignification {unknown}
 n - a potion of ambrosia {unknown}


   Skills:
 + Level 1.3 Fighting
 * Level 1.2 Maces & Flails
 + Level 2.1 Dodging
 - Level 1.4 Stealth
 + Level 2.8 Spellcasting
 + Level 1.3 Transmutations
 + Level 3.0 Earth Magic


You had 6 spell levels left.
You knew the following spells:

 Your Spells              Type           Power      Damage    Failure   Level
a - Sandblast             Erth           24%        2d8       5%          1

Your spell library contained the following spells:

 Spells                   Type           Power      Damage    Failure   Level
 Passwall                 Tmut/Erth      7%         N/A       11%         2
 Summon Small Mammal      Summ           8%         N/A       19%         1
 Stone Arrow              Conj/Erth      14%        3d7       28%         3
 Call Canine Familiar     Summ           2%         N/A       47%         3
 Summon Guardian Golem    Hex/Summ       2%         N/A       47%         3
 Petrify                  Tmut/Erth      9%         N/A       58%         4


Dungeon Overview and Level Annotations

Branches:
Dungeon (3/15)

Altars:

Shops:
D:2 (


Innate Abilities, Weirdness & Mutations

You are too large for most types of armour.
You have tough skin. (AC +1)


Message History

You see here a +0 short sword.
There is an open door here.
n - an inky potion Done exploring.
Done exploring.
Done exploring.
There is an open door here.
You open the door.
There is an open door here.
There is a stone staircase leading down here.
You climb downwards.
There is a stone staircase leading up here.
An orc priest comes into view. It is wielding a +0 mace.
The orc priest shouts!
You hear a shout!
An orc comes into view. It is wielding a +0 club.
There are monsters nearby!
There are monsters nearby!
There are monsters nearby!
There are monsters nearby!
Found an escape hatch in the floor.
The orc shouts!
You hear a shout! x3
A gnoll comes into view. It is wielding a +0 whip.
You hear a shout!
You hear a shout!
An orc comes into view. It is wielding a +0 whip.
The orc priest casts a cantrip, but nothing happens.
You hit the orc but do no damage. The orc hits you with a +0 club.
The orc closely misses you.
You closely miss the orc. The orc hits you with a +0 club.
You barely miss the orc. The orc hits you but does no damage.
The orc completely misses you.
You closely miss the orc. The orc hits you with a +0 club.
The orc priest mumbles some strange prayers to Beogh against you.
Beogh smites you!
The orc priest invokes the aid of Beogh against you.
Beogh smites you!
* * * LOW HITPOINT WARNING * * *
There is a stone staircase leading up here.
The orc hits you with a +0 club.
You die...

#.## #..# #o.#
#..# ##o## #..#
#..# #..#
##.####..#
#.o.go..+
#..###..#
#...##..########
#.#.##.og.o..o@#
#.#..##.########
#.##.##.# #+#
..#.# ..#.#
..... ..# ..#


You could see an orc priest, a gnoll and 2 orcs.

Vanquished Creatures
  2 adders (D:2)
  A worm (D:2)
  A dart slug (D:2)
  A ball python (D:2)
  4 bats
  An endoplasm (D:1)
  2 goblins
  2 hobgoblins
  2 quokkas (D:2)
  A frilled lizard (D:2)
  6 kobolds
  A rat (D:2)
24 creatures vanquished.

Notes
Turn   | Place    | Note
-------+----------+-------------------------------------------
     0 | D:1      | pmoppi the Ogre Earth Elementalist began the quest for the
                  | Orb.
     0 | D:1      | Reached XP level 1. HP: 16/16 MP: 3/3
   216 | D:1      | Reached skill level 1 in Transmutations
   822 | D:1      | Reached XP level 2. HP: 21/26 MP: 5/5
  1495 | D:2      | Reached skill level 1 in Fighting
  1835 | D:2      | Found Moyfeh's Weapon Shoppe.
  1887 | D:2      | Reached XP level 3. HP: 30/33 MP: 7/7
  2045 | D:2      | Reached skill level 1 in Maces & Flails
  2057 | D:2      | Reached skill level 3 in Earth Magic
  2373 | D:3      | Slain by an orc

Illustrated notes

Levels and vault maps discovered:
D:1:      minmay_arrival_radiant_lines, layout_loops_ring
D:2:      layout_basic, serial_shops, shop, minmay_tromino_i4
D:3:      layout_basic, yredelemnul_forgotten_temple_becter, serial_shops,
          nicolae_diamond_shop, dreamdust_ecumenical_altar_sealed_demon,
          uniq_jessica, uniq_ijyb, uniq_robin

Skill      XL: |  1  2  3 |
---------------+----------+-----
Transmutations | 1 |  1.3
Dodging        | 2 |  2.1
Fighting       | 1 |  1.3
Maces & Flails | 1 |  1.2
Earth Magic    | 3 |  3.0
Stealth        | |  1.4
Spellcasting   | |  2.8

Action                   || total
-------------------------++-------
Melee: Spear             ||    26
       Eveningstar       ||    70
 Cast: Sandblast         ||     7
 Stab: Sleeping          ||     1
Armor: Robe              ||    35
Dodge: Dodged            ||    63

Table legend: (Time is in decaauts)
 A = Elapsed time spent in this place.
 B = Non-inter-level travel time spent in this place.
 C = Inter-level travel time spent in this place.
 D = Time resting spent in this place.
 E = Time spent auto-exploring this place.
 F = Levels seen in this place.
 G = Mean time per level.
                   A        B        C        D        E       F      G
               +--------+--------+--------+--------+--------+-----+--------+
         Total |   2407 |   2357 |     50 |    527 |   1555 |   3 |  802.3 |
       Dungeon |   2407 |   2357 |     50 |    527 |   1555 |   3 |  802.3 |
               +--------+--------+--------+--------+--------+-----+--------+

Top non-repeatable levels by time:
     D:2: 1263 daAuts
     D:1: 1093 daAuts
     D:3: 49 daAuts
